[Event "Titled Tuesday Blitz June 21 Early 2022"]
[White "Svane, Frederik"]
[Black "Alinasab, Mobina"]
[WhiteFideId "12923044"]
[BlackFideId "12528897"]
[WhiteElo "2459"]
[BlackElo "2031"]
[Result "1-0"]
[Round "04"]
[TimeControl "180+1"]
[Date "2022.06.21"]
[WhiteClock "0:00:17"]
[BlackClock "0:00:01"]

1. e4 c5 2. Nf3 e6 3. c3 d5 4. e5 Nc6 5. g3 d4 6. Bg2 g6 7. O-O Bg7 8. cxd4 cxd4 9. d3 Nge7 10. Na3 Nxe5 11. Nxe5 Bxe5 12. Nc4 Bg7 13. h4 O-O 14. h5 e5 15. Re1 Nc6 16. h6 Bf6 17. Qb3 Re8 18. Bd2 Qe7 19. Qa3 Qxa3 20. bxa3 Bf5 21. Nd6 Bxd3 22. Nxe8 Rxe8 23. f3 Be7 24. Bf1 Bxf1 25. Kxf1 Bxa3 26. Rab1 b6 27. Ke2 f5 28. Kd3 Kf7 29. Kc4 Kf6 30. Kb3 Bc5 31. Re2 e4 32. fxe4 fxe4 33. Rf1+ Ke5 34. Kc4 e3 35. Be1 Bd6 36. Kd3 Kd5 37. g4 Ne5+ 38. Kc2 d3+ 39. Kd1 dxe2+ 40. Kxe2 Ke4 41. Bg3 Nc4 42. Bh4 Be5 43. Rf7 Nd6 44. Rxh7 Rc8 45. Re7 Rc2+ 46. Kd1 Rd2+ 47. Kc1 Nc4 48. h7 Kd3 49. Rxe5 Rc2+ 50. Kb1 Na3+ 51. Ka1 e2 52. h8=Q Rc1+ 53. Kb2 Rb1+ 54. Kxa3 1-0


[Site "https://www.chess.com"]

[Event "Titled Tuesday Blitz June 21 Early 2022"]
[White "Svane, Rasmus"]
[Black "Williams, Simon K"]
[WhiteFideId "4657101"]
[BlackFideId "404454"]
[WhiteElo "2674"]
[BlackElo "2468"]
[Result "1-0"]
[Round "04"]
[TimeControl "180+1"]
[Date "2022.06.21"]
[WhiteClock "0:01:30"]
[BlackClock "0:00:17"]

1. Nf3 f5 2. d3 Nc6 3. e4 e5 4. d4 fxe4 5. Nxe5 d6 6. Nxc6 bxc6 7. d5 Nf6 8. Nc3 Be7 9. Bc4 O-O 10. O-O c5 11. Bg5 Bf5 12. Qe2 Rb8 13. b3 h6 14. Bh4 g5 15. Bg3 Qe8 16. Rae1 Qg6 17. f3 exf3 18. Qxe7 fxg2 19. Kxg2 Rbe8 20. Qxc7 Rxe1 21. Rxe1 Ne4 22. Nxe4 Bxe4+ 23. Kg1 Qf5 24. Qxd6 Qf3 25. Qe6+ 1-0


[Site "https://www.chess.com"]

[Event "Titled Tuesday Blitz June 21 Early 2022"]
[White "Tanaka, Taira Tyler"]
[Black "Deviprasath, Sharvesh"]
[WhiteFideId "7002351"]
[BlackFideId "30938228"]
[WhiteElo "2559"]
[BlackElo "2102"]
[Result "1/2-1/2"]
[Round "04"]
[TimeControl "180+1"]
[Date "2022.06.21"]
[WhiteClock "0:01:18"]
[BlackClock "0:01:37"]

1. Nf3 Nf6 2. g3 g6 3. b3 Bg7 4. Bb2 O-O 5. Bg2 d6 6. d4 a5 7. a4 c6 8. O-O Nbd7 9. Re1 e5 10. dxe5 Ng4 11. Qxd6 Ngxe5 12. Nxe5 Nxe5 13. Qxd8 Rxd8 14. Nc3 Bf5 15. e4 Bg4 16. h3 Bf3 17. Re3 Bxg2 18. Kxg2 Rd2 19. Re2 Rad8 20. Rae1 Nd3 21. cxd3 Rxb2 22. Rxb2 Bxc3 23. Ree2 Bxb2 24. Rxb2 Rxd3 25. b4 Rd4 26. bxa5 Rxe4 27. Rxb7 Rxa4 28. Rb6 Rxa5 29. Rxc6 1/2-1/2


[Site "https://www.chess.com"]

[Event "Titled Tuesday Blitz June 21 Early 2022"]
[White "Tari, Aryan"]
[Black "Andreikin, Dmitry"]
[WhiteFideId "1510045"]
[BlackFideId "4158814"]
[WhiteElo "2567"]
[BlackElo "2736"]
[Result "1/2-1/2"]
[Round "04"]
[TimeControl "180+1"]
[Date "2022.06.21"]
[WhiteClock "0:00:06"]
[BlackClock "0:00:17"]

1. e4 e5 2. Nf3 Nf6 3. Nc3 Nc6 4. a3 d5 5. Bb5 d4 6. Ne2 Bd6 7. d3 O-O 8. Bxc6 bxc6 9. O-O Nd7 10. Ng3 c5 11. b3 a5 12. a4 Ra6 13. h3 Re8 14. Nd2 Nb8 15. Nc4 Nc6 16. f4 exf4 17. Bxf4 Bxf4 18. Rxf4 Qg5 19. Qf3 Be6 20. Rf1 Bxc4 21. bxc4 Ne5 22. Qf2 g6 23. Rxf7 Raa8 24. Rf4 Rab8 25. h4 Qe7 26. h5 Rf8 27. hxg6 hxg6 28. Ne2 Rxf4 29. Nxf4 Rf8 30. Nd5 Qd6 31. Qxf8+ Qxf8 32. Rxf8+ Kxf8 33. Nxc7 Ke7 34. Kf2 Kd6 35. Nb5+ Kd7 36. Ke2 Nc6 37. c3 dxc3 38. Nxc3 Nd4+ 39. Ke3 Nc2+ 40. Kf4 Ne1 41. g4 Nxd3+ 42. Kg5 Ne5 43. Kf6 Nxg4+ 44. Kxg6 Ke6 45. Kg5 Ne3 46. Kf4 Nxc4 47. Nd5 Kd6 48. Kf5 Ne5 49. Kf6 c4 50. Nc3 Nf3 51. Nb5+ Kc5 52. e5 Nxe5 53. Kxe5 Kb4 54. Kd4 Kxa4 55. Kxc4 1/2-1/2


[Site "https://www.chess.com"]

[Event "Titled Tuesday Blitz June 21 Early 2022"]
[White "Terry, Renato"]
[Black "Timofeev, Artyom"]
[WhiteFideId "3803457"]
[BlackFideId "4140419"]
[WhiteElo "2577"]
[BlackElo "2578"]
[Result "1-0"]
[Round "04"]
[TimeControl "180+1"]
[Date "2022.06.21"]
[WhiteClock "0:00:22"]
[BlackClock "0:00:12"]

1. d4 Nf6 2. Bg5 e6 3. e4 h6 4. Bxf6 Qxf6 5. c3 Qd8 6. Bd3 b6 7. f4 Bb7 8. Nf3 Be7 9. O-O c5 10. Qe2 O-O 11. a3 d6 12. Nbd2 Nd7 13. Rad1 Re8 14. e5 Bf8 15. Be4 Qc7 16. Bxb7 Qxb7 17. Ne4 cxd4 18. cxd4 Qd5 19. g4 Rac8 20. g5 hxg5 21. Nfxg5 g6 22. Qg4 Bg7 23. Nxd6 Rf8 24. Qh3 Rfd8 25. Ndxf7 Nf8 26. Nxd8 Rxd8 27. Qf3 Qb5 28. Rf2 Rd7 29. Rfd2 Rd5 30. a4 Qd7 31. b3 Bh6 32. Ne4 Bg7 33. Nc3 Ra5 34. d5 exd5 35. Rxd5 Qc7 36. Rxa5 bxa5 37. Qd5+ Kh7 38. Ne4 Qc2 39. Qd3 Qb2 40. Ng5+ Kh8 41. Rd2 Qc1+ 42. Kg2 Qc6+ 43. Qf3 Qb6 44. Re2 Qd4 45. e6 1-0


[Site "https://www.chess.com"]

[Event "Titled Tuesday Blitz June 21 Early 2022"]
[White "Thiel, Thomas"]
[Black "Ovchinnikov, Vsevolod"]
[WhiteFideId "4615964"]
[BlackFideId "24176842"]
[WhiteElo "2225"]
[BlackElo "2376"]
[Result "0-1"]
[Round "04"]
[TimeControl "180+1"]
[Date "2022.06.21"]
[WhiteClock "0:00:45"]
[BlackClock "0:00:14"]

1. e4 g6 2. d4 Bg7 3. Nc3 a6 4. Bc4 b5 5. Bb3 e6 6. h4 h5 7. Nf3 d6 8. Ng5 Qe7 9. Be3 Bb7 10. Qe2 Nd7 11. O-O-O c5 12. Nxb5 axb5 13. Qxb5 O-O-O 14. dxc5 Nxc5 15. Bxc5 dxc5 16. Rxd8+ Kxd8 17. Rd1+ Kc8 18. Qb6 Bh6 19. Kb1 Bxg5 20. hxg5 Qc7 21. Qa7 Ne7 22. g3 Rd8 23. Rxd8+ Kxd8 24. f4 Nc8 25. Qa3 Qd6 26. Kc1 Bxe4 27. Bc4 Nb6 28. Bb5 Bb7 29. Qe3 Ke7 30. a4 Qd4 31. Qe1 Nd5 32. a5 Qe3+ 33. Qxe3 Nxe3 34. Kd2 Nf5 35. Kc3 Nxg3 36. Kc4 Kd6 37. a6 Bd5+ 38. Kd3 h4 0-1


[Site "https://www.chess.com"]

[Event "Titled Tuesday Blitz June 21 Early 2022"]
[White "Tisaj, Domen"]
[Black "Koellner, Ruben Gideon"]
[WhiteFideId "14628708"]
[BlackFideId "12993093"]
[WhiteElo "2742"]
[BlackElo "2563"]
[Result "1-0"]
[Round "04"]
[TimeControl "180+1"]
[Date "2022.06.21"]
[WhiteClock "0:01:18"]
[BlackClock "0:00:09"]

1. d4 d6 2. e4 Nf6 3. Nc3 e5 4. Nf3 Nbd7 5. Bc4 Be7 6. O-O c6 7. a4 h6 8. Re1 Qc7 9. h3 Nf8 10. b3 g5 11. d5 Ng6 12. dxc6 bxc6 13. b4 a6 14. Qd3 Nh5 15. Ne2 Rg8 16. Nh2 Ngf4 17. Nxf4 Nxf4 18. Bxf4 gxf4 19. b5 Bd7 20. Qb3 Kf8 21. b6 Qb7 22. Bxf7 Rg7 23. Be6 Bxe6 24. Qxe6 Qxb6 25. Rab1 Qc5 26. Qxh6 Qxc2 27. Rb7 Qc3 28. Reb1 f3 29. Rxe7 Kxe7 30. Qxg7+ Ke6 1-0


[Site "https://www.chess.com"]

[Event "Titled Tuesday Blitz June 21 Early 2022"]
[White "Topalov, Aleksandar"]
[Black "Cunha, Lucas Aguiar"]
[WhiteFideId "925659"]
[BlackFideId "2125404"]
[WhiteElo "2179"]
[BlackElo "2328"]
[Result "0-1"]
[Round "04"]
[TimeControl "180+1"]
[Date "2022.06.21"]
[WhiteClock "0:00:05"]
[BlackClock "0:00:14"]

1. b3 Nf6 2. Bb2 g6 3. Bxf6 exf6 4. c4 f5 5. Nc3 Bg7 6. e3 Bxc3 7. dxc3 O-O 8. g3 Nc6 9. Bg2 Qf6 10. Qd2 a5 11. a4 Ne5 12. Ne2 d6 13. Nf4 c6 14. Rd1 Nd7 15. Nd3 Ra6 16. O-O h5 17. Rfe1 h4 18. Nc1 Nc5 19. Qxd6 Qxd6 20. Rxd6 hxg3 21. hxg3 Rb6 22. Re2 Be6 23. Bd5 Bd7 24. Bf3 Be6 25. Bd5 Bxd5 26. cxd5 Ne4 27. Rd7 Nxc3 28. Rd2 Nxd5 29. Rd6 Rb4 30. Kg2 Ra8 31. Rb2 Nc3 32. Nd3 Rb6 33. Rd7 Ne4 34. f3 Nf6 35. Rc7 Nd5 36. Rd7 Nxe3+ 37. Kg1 Nd5 38. Ne5 Rf8 39. Nc4 Rb4 40. Nxa5 Rb8 41. Nc4 f4 42. g4 Ne3 43. Nd6 Rf8 44. Rxb7 Rd4 45. Nc4 Nxc4 46. bxc4 Rxc4 47. Ra2 Ra8 48. Rc7 Rc3 49. Kf2 g5 50. a5 Rc1 51. a6 Rh1 52. Kg2 Rb1 53. a7 Rb6 54. Rd7 Kf8 55. Rc7 Kg7 56. Kf2 Kf6 57. Ke2 Ke6 58. Kd3 f6 59. Kc4 Kd6 60. Rf7 Ke6 61. Rh7 Rb5 62. Rg7 Re5 63. Rc7 Re3 64. Rf7 Kxf7 65. Kc5 Rxf3 66. Kb6 Rb3+ 67. Kxc6 f3 0-1


[Site "https://www.chess.com"]

[Event "Titled Tuesday Blitz June 21 Early 2022"]
[White "Tregubov, Pavel V."]
[Black "Lucas, Arthur"]
[WhiteFideId "4115341"]
[BlackFideId "26093073"]
[WhiteElo "2341"]
[BlackElo "2129"]
[Result "1-0"]
[Round "04"]
[TimeControl "180+1"]
[Date "2022.06.21"]
[WhiteClock "0:00:42"]
[BlackClock "0:00:01"]

1. e4 g6 2. d4 Bg7 3. Nf3 d6 4. Nc3 a6 5. Be2 b5 6. O-O Nd7 7. a4 b4 8. Nd5 a5 9. c3 Ngf6 10. cxb4 axb4 11. Nxb4 O-O 12. Nc6 Qe8 13. Qc2 Bb7 14. Bb5 Kh8 15. Re1 e5 16. dxe5 dxe5 17. b3 Nh5 18. Ba3 Qe6 19. Bxf8 Rxf8 20. Rad1 Nf4 21. g3 Qg4 22. Re3 Nh3+ 23. Kf1 Nf6 24. Ncxe5 Qe6 25. Qxc7 Ba6 26. Qc4 Bxb5 27. axb5 Qe8 28. Kg2 Ng4 29. Nxg4 1-0


[Site "https://www.chess.com"]

[Event "Titled Tuesday Blitz June 21 Early 2022"]
[White "Ursan, Petru-Sebastian"]
[Black "parintele_chess"]
[WhiteFideId "1227556"]
[WhiteElo "2066"]
[BlackElo "2257"]
[Result "1-0"]
[Round "04"]
[TimeControl "180+1"]
[Date "2022.06.21"]
[WhiteClock "0:00:30"]
[BlackClock "0:00:19"]

1. e4 e5 2. Nf3 Nc6 3. d4 exd4 4. Bc4 Nf6 5. e5 Ne4 6. Qe2 Nc5 7. O-O Be7 8. Bf4 O-O 9. Nbd2 Ne6 10. Bg3 d5 11. Bd3 Bg5 12. Nxg5 Qxg5 13. f4 Qe7 14. f5 Nc5 15. f6 gxf6 16. Bxh7+ Kxh7 17. Qh5+ Kg8 18. Rxf6 Bf5 19. Qxf5 Ne6 20. Bh4 Ng7 21. Qf2 Qxe5 22. Re1 Qh5 23. Rf3 Rae8 24. Rg3 Rxe1+ 25. Qxe1 Re8 26. Qxe8+ Kh7 27. Bf6 Qd1+ 28. Nf1 Nf5 29. Qh8# 1-0


[Site "https://www.chess.com"]

[Event "Titled Tuesday Blitz June 21 Early 2022"]
[White "Vakhlamov, Igor L."]
[Black "Chigaev, Maksim"]
[WhiteFideId "24126748"]
[BlackFideId "4108116"]
[WhiteElo "2401"]
[BlackElo "2457"]
[Result "1-0"]
[Round "04"]
[TimeControl "180+1"]
[Date "2022.06.21"]
[WhiteClock "0:00:04"]
[BlackClock "0:00:05"]

1. e4 c5 2. Nf3 e6 3. Nc3 a6 4. d4 cxd4 5. Qxd4 Nc6 6. Qe3 b5 7. Bd3 Bb7 8. O-O Nge7 9. a4 b4 10. Nd5 Nxd5 11. exd5 Ne7 12. dxe6 dxe6 13. Ne5 Nd5 14. Qh3 Bd6 15. Re1 Qf6 16. Bg5 Qxg5 17. Nxf7 Bxh2+ 18. Kxh2 Qf4+ 19. Kg1 Qxf7 20. Rxe6+ Kf8 21. Re5 g6 22. Rae1 Kg7 23. Bc4 Rhe8 24. Qd3 Rxe5 25. Rxe5 Rd8 26. Qd4 Kg8 27. c3 bxc3 28. bxc3 h5 29. Bb3 Rd7 30. Qc5 Kh7 31. Bc2 Qg7 32. Rxh5+ Kg8 33. Rh3 Nf6 34. Bb3+ Bd5 35. c4 Be6 36. Re3 Qe7 37. Qc6 Qf7 38. Qxe6 Qxe6 39. Rxe6 Kg7 40. Rxa6 Rd3 41. Rb6 Rc3 42. a5 Ng4 43. g3 Rd3 44. a6 Rd2 45. a7 Nxf2 46. a8=Q Nh3+ 47. Kf1 1-0


[Site "https://www.chess.com"]

[Event "Titled Tuesday Blitz June 21 Early 2022"]
[White "Veiga, Jose Francisco R P Neves"]
[Black "Priyanka Nutakki"]
[WhiteFideId "1930087"]
[BlackFideId "25049615"]
[WhiteElo "2326"]
[BlackElo "1912"]
[Result "1-0"]
[Round "04"]
[TimeControl "180+1"]
[Date "2022.06.21"]
[WhiteClock "0:00:15"]
[BlackClock "0:00:06"]

1. e4 e6 2. d4 d5 3. exd5 exd5 4. Nf3 Nf6 5. Bd3 Bd6 6. Qe2+ Qe7 7. Qxe7+ Bxe7 8. Bf4 c6 9. O-O O-O 10. Re1 Re8 11. h3 Nbd7 12. Nbd2 Nf8 13. c3 Ne6 14. Bg3 g6 15. Ne5 Nh5 16. Bh2 Nhf4 17. Bf1 f6 18. Nd3 Nxd3 19. Bxd3 Kf7 20. Re2 Bd7 21. Rae1 Bf8 22. Nb3 a5 23. a4 b6 24. Nc1 Bh6 25. Bc2 c5 26. dxc5 Nxc5 27. Rxe8 Rxe8 28. Rxe8 Bxe8 29. Nd3 Bxa4 30. Bb1 Ne4 31. Bc7 Nd2 32. Ba2 Bb3 33. Bxb3 Nxb3 34. Bxb6 Ke6 35. Kf1 Kd6 36. Ke2 a4 37. Kd1 Kc6 38. Bd8 f5 39. Kc2 Nd2 40. f3 Nc4 41. Nb4+ Kd6 42. Bf6 Ne3+ 43. Kd3 Nxg2 44. h4 Ke6 45. Bd8 Nf4+ 46. Kd4 Bg7+ 47. Kc5 a3 48. bxa3 Bxc3 49. Bg5 Ne2 50. Nxd5 Bb2 51. a4 Nd4 52. Nf4+ Kf7 53. Nd3 Ba1 54. a5 Nb3+ 55. Kb4 Nxa5 56. Kxa5 Bc3+ 57. Kb5 Ke6 58. Kc4 Ba1 59. Bf4 Kf6 60. Kd5 h6 61. Bxh6 Bc3 62. Bg5+ Kf7 63. Nf4 Bd2 64. Ne6 Bxg5 65. Nxg5+ Kg7 66. Ke6 Kh6 67. Kf6 Kh5 68. Ne6 Kxh4 69. Kxg6 Kg3 70. Nd4 Kf4 71. Kf6 Ke3 72. Ke5 f4 73. Kd5 Kd3 74. Ne6 Ke3 75. Ng5 Kd3 76. Ke5 Ke3 77. Kf5 1-0


[Site "https://www.chess.com"]

[Event "Titled Tuesday Blitz June 21 Early 2022"]
[White "Vusatiuk, Vladimir"]
[Black "Bilych, Olexiy"]
[WhiteFideId "14118610"]
[BlackFideId "14156504"]
[WhiteElo "2157"]
[BlackElo "2189"]
[Result "0-1"]
[Round "04"]
[TimeControl "180+1"]
[Date "2022.06.21"]
[WhiteClock "0:00:08"]
[BlackClock "0:00:08"]

1. d4 Nf6 2. c4 e6 3. Nf3 d5 4. g3 Bb4+ 5. Bd2 a5 6. Bg2 dxc4 7. O-O O-O 8. Bg5 b5 9. a4 c6 10. Ne5 Ra6 11. Nc3 Bxc3 12. bxc3 h6 13. Bxf6 gxf6 14. Ng4 Kg7 15. Qc1 Rh8 16. Qb2 Bd7 17. Rfb1 Qe7 18. f4 e5 19. Nf2 exd4 20. Ne4 dxc3 21. Qxc3 Bf5 22. axb5 cxb5 23. Rxb5 Bxe4 24. Qe3 Re8 25. Bxe4 Re6 26. Qf3 Rxe4 27. Qg4+ Kh8 28. Rh5 Qf8 29. Qh4 Kh7 30. Qxf6 Qg7 31. Qf5+ Qg6 32. Rxa5 Rxe2 33. Qxg6+ fxg6 34. Ra7+ R8e7 35. Rxe7+ Rxe7 36. Rc5 Re1+ 37. Kf2 Re7 38. Rxc4 Nd7 39. Rc7 Kg7 40. g4 Kf7 41. f5 g5 42. Rc6 Ne5 43. Ra6 Nxg4+ 44. Kg3 Nf6 45. h4 Re3+ 46. Kf2 Re7 47. hxg5 hxg5 48. Kf3 Re5 49. Ra7+ Re7 50. Ra5 Kg7 51. Kg3 Rf7 52. Ra6 Kh6 53. Kh3 Kh5 54. Kg3 Ne4+ 55. Kf3 Nc3 56. f6 Nd5 57. Ra8 Nxf6 58. Kg3 Ne4+ 59. Kg2 Kg4 60. Ra4 Rf2+ 61. Kg1 Rf4 62. Ra2 Ng3 63. Rg2 Rf1+ 64. Kh2 Rh1# 0-1


[Site "https://www.chess.com"]

[Event "Titled Tuesday Blitz June 21 Early 2022"]
[White "Wartiovaara, Oliver"]
[Black "Lauridsen, Jesper Morch"]
[WhiteFideId "513024"]
[BlackFideId "1401890"]
[WhiteElo "1971"]
[BlackElo "2211"]
[Result "1-0"]
[Round "04"]
[TimeControl "180+1"]
[Date "2022.06.21"]
[WhiteClock "0:00:44"]
[BlackClock "0:00:36"]

1. b3 a5 2. Bb2 a4 3. e4 e6 4. d4 a3 5. Bc1 d5 6. e5 c5 7. c3 Nc6 8. Nf3 Nh6 9. Bxh6 gxh6 10. Bd3 Qa5 11. O-O cxd4 12. cxd4 Nb4 13. Nc3 Nxd3 14. Qxd3 Bd7 15. Rac1 Rc8 16. Rc2 Bb4 17. Rfc1 O-O 18. h3 Bxc3 19. Rxc3 Bb5 20. Qe3 Rxc3 21. Rxc3 Qd8 22. Qxh6 f6 23. Nh2 fxe5 24. Rg3+ Kf7 25. Rg7+ Ke8 26. Qh5+ Rf7 27. Qxf7# 1-0


[Site "https://www.chess.com"]

[Event "Titled Tuesday Blitz June 21 Early 2022"]
[White "Winkels, Marcel"]
[Black "Hoffmann, Asa"]
[WhiteFideId "1003887"]
[BlackFideId "2001470"]
[WhiteElo "1900"]
[BlackElo "2117"]
[Result "0-1"]
[Round "04"]
[TimeControl "180+1"]
[Date "2022.06.21"]
[WhiteClock "0:00:34"]
[BlackClock "0:00:59"]

1. e4 d6 2. d4 Nf6 3. Nc3 c6 4. f4 Qa5 5. Bd2 e5 6. Nf3 Bg4 7. Nd5 Qd8 8. Nxf6+ Qxf6 9. dxe5 dxe5 10. fxe5 Qg6 11. Bd3 Bc5 12. Qe2 Nd7 13. O-O-O O-O-O 14. Bc3 Rhe8 15. h3 Bxf3 16. gxf3 Nxe5 17. f4 Nxd3+ 18. cxd3 Bd4 19. Bxd4 Rxd4 20. Rhg1 Qe6 21. Kb1 g6 22. Qe3 Red8 23. Qg3 f5 24. Rge1 c5 25. b3 a5 26. Qf3 a4 27. Kb2 Qa6 28. Re3 fxe4 29. Rxe4 Rxd3 30. Rxd3 Qxd3 31. Qxd3 Rxd3 32. Re8+ Kd7 33. Rg8 Rxh3 34. Rg7+ Kc6 35. Rf7 axb3 36. axb3 b5 37. Rf6+ Kd5 38. Rb6 b4 39. Rb8 Ke4 40. Rc8 Rc3 41. Rf8 h5 42. Rf6 h4 43. Rxg6 Kxf4 44. Rg1 h3 45. Rh1 Kg3 46. Rg1+ Kf2 47. Rg7 h2 48. Rh7 Kg2 49. Rf7 h1=Q 0-1


[Site "https://www.chess.com"]

[Event "Titled Tuesday Blitz June 21 Early 2022"]
[White "Xiong, Jeffery"]
[Black "Shuvalova, Polina"]
[WhiteFideId "2047640"]
[BlackFideId "24171760"]
[WhiteElo "2714"]
[BlackElo "2330"]
[Result "1-0"]
[Round "04"]
[TimeControl "180+1"]
[Date "2022.06.21"]
[WhiteClock "0:00:53"]
[BlackClock "0:00:04"]

1. d4 Nf6 2. c4 c5 3. d5 b5 4. cxb5 a6 5. b6 e6 6. Nc3 Nxd5 7. Nxd5 exd5 8. Qxd5 Nc6 9. e4 Be7 10. Bc4 O-O 11. Nf3 Qxb6 12. O-O d6 13. Qh5 g6 14. Qh6 Be6 15. Bg5 Qxb2 16. Bxe7 Bxc4 17. Ng5 Qg7 18. Qxg7+ Kxg7 19. Bxf8+ Rxf8 20. Rfc1 Bd3 21. Rc3 c4 22. Nf3 Re8 23. Re1 Rb8 24. h4 Rb2 25. Re3 Nb4 26. a3 Nc2 27. Rexd3 cxd3 28. Rxd3 Ra2 29. Rxd6 Rxa3 30. Rd7 Ra1+ 31. Kh2 Ra5 32. Ng5 h6 33. Nxf7 Kf6 34. Nxh6 Rh5 35. Ng4+ Ke6 36. Ra7 Rxh4+ 37. Kg3 Rh1 38. Rxa6+ Kf7 39. Ne5+ Ke7 40. Nxg6+ Kf7 41. Ne5+ Ke7 42. f4 Nd4 43. f5 Re1 44. f6+ Ke8 45. Ra8# 1-0


[Site "https://www.chess.com"]

[Event "Titled Tuesday Blitz June 21 Early 2022"]
[White "Xu, Yi"]
[Black "Jaferian, Koosha"]
[WhiteFideId "8605564"]
[BlackFideId "12507440"]
[WhiteElo "2471"]
[BlackElo "2030"]
[Result "1-0"]
[Round "04"]
[TimeControl "180+1"]
[Date "2022.06.21"]
[WhiteClock "0:01:37"]
[BlackClock "0:01:49"]

1. e4 c6 2. d4 d5 3. e5 Bf5 4. h4 h5 5. Bd3 Bxd3 6. Qxd3 Qa5+ 7. Nd2 e6 8. Ne2 Nd7 9. c4 dxc4 10. Qxc4 Ne7 11. O-O Nf5 12. Nf3 Be7 13. Bg5 Bxg5 14. hxg5 g6 15. Nc3 Nb6 16. Qd3 Rd8 17. Ne4 O-O 18. Nf6+ Kg7 19. Rfd1 Nd5 20. a3 Qb6 21. b4 a6 22. Rab1 Qb5 23. Qc2 Nf4 24. a4 Qe2 25. Rd2 Nxd4 26. Nxd4 Qxe5 27. Nf3 Rxd2 28. Qxd2 Qf5 29. Re1 Qg4 30. Nxg4 1-0


[Site "https://www.chess.com"]

[Event "Titled Tuesday Blitz June 21 Early 2022"]
[White "Xu, Yinglun"]
[Black "Joie, Sebastien"]
[WhiteFideId "8604940"]
[BlackFideId "650420"]
[WhiteElo "2544"]
[BlackElo "2397"]
[Result "0-1"]
[Round "04"]
[TimeControl "180+1"]
[Date "2022.06.21"]
[WhiteClock "0:01:22"]
[BlackClock "0:00:39"]

1. c4 c6 2. Nf3 d5 3. d4 Nf6 4. e3 Bf5 5. Nc3 e6 6. Nh4 Be7 7. Nxf5 exf5 8. Qb3 Qd7 9. Be2 O-O 10. O-O dxc4 11. Qxc4 b5 12. Qb3 Na6 13. Rd1 Nc7 14. Bf3 g6 15. Bd2 Ncd5 16. Rac1 Rfc8 17. g3 Qe6 18. Nxd5 Nxd5 19. Rxc6 Rxc6 20. Bxd5 Qd6 21. Bxf7+ Kg7 22. Bd5 Rac8 23. Bxc6 Rxc6 24. Qxb5 Rb6 25. Qa4 Rxb2 26. Qxa7 g5 0-1


[Site "https://www.chess.com"]

[Event "Titled Tuesday Blitz June 21 Early 2022"]
[White "Yedidia, Daniel"]
[Black "Melaugh, Shane"]
[WhiteFideId "30905907"]
[BlackFideId "2509580"]
[WhiteElo "2577"]
[BlackElo "1972"]
[Result "1-0"]
[Round "04"]
[TimeControl "180+1"]
[Date "2022.06.21"]
[WhiteClock "0:00:38"]
[BlackClock "0:00:12"]

1. d4 e6 2. c4 f5 3. g3 Nf6 4. Bg2 Be7 5. Nh3 O-O 6. Nc3 d6 7. O-O e5 8. e4 Nc6 9. d5 Na5 10. b3 Qe8 11. exf5 Bxf5 12. Ng5 Bd8 13. Qe2 Qg6 14. Nge4 b6 15. Nxf6+ Bxf6 16. Ne4 Nb7 17. Bb2 Nc5 18. Rfe1 Nxe4 19. Bxe4 Bg5 20. Rad1 Rf7 21. Bg2 Raf8 22. Rf1 Bc2 23. h4 Bxd1 24. Qxd1 Bh6 25. Qe2 a5 26. Be4 Qf6 27. a3 g5 28. hxg5 Qxg5 29. Kg2 Qd2 30. Qxd2 Bxd2 31. f3 Rg7 32. Rh1 Bf4 33. Rh3 h5 34. Bc3 Kf7 35. Kf2 Bc1 36. Rxh5 Bxa3 37. Bd2 Bc5+ 38. Kg2 Rfg8 39. g4 Ke7 40. Bh6 Rf7 41. Bg5+ Kf8 42. Bd2 Bd4 43. g5 Re7 44. g6 Kg7 45. Bh6+ Kf6 46. Bg5+ Kg7 47. Rh7+ Kf8 48. Bxe7+ Ke8 49. Bf6 Be3 50. Rxc7 Rf8 51. Rc8+ 1-0


[Site "https://www.chess.com"]

[Event "Titled Tuesday Blitz June 21 Early 2022"]
[White "Yilmaz, Mustafa"]
[Black "Rustemov, Alexander"]
[WhiteFideId "6302718"]
[BlackFideId "4119002"]
[WhiteElo "2568"]
[BlackElo "2753"]
[Result "1-0"]
[Round "04"]
[TimeControl "180+1"]
[Date "2022.06.21"]
[WhiteClock "0:00:23"]
[BlackClock "0:00:02"]

1. d4 d5 2. c4 dxc4 3. Nf3 Nf6 4. e3 e6 5. Bxc4 c5 6. O-O a6 7. Be2 Nbd7 8. Nbd2 b6 9. Nc4 Bb7 10. dxc5 Bxc5 11. Nd6+ Bxd6 12. Qxd6 Ne4 13. Qd1 Rc8 14. Nd4 O-O 15. f3 Nef6 16. e4 Ne5 17. Bf4 Nc4 18. b3 e5 19. Bc1 Nd6 20. Nc2 Qc7 21. Bd3 Nd7 22. Ne3 Nc5 23. Ba3 Nxd3 24. Qxd3 Rfd8 25. Rac1 Qb8 26. Rxc8 Bxc8 27. Rd1 f6 28. Bxd6 Qa7 29. Qc4+ Qf7 30. Qxf7+ Kxf7 31. Bc7 Rxd1+ 32. Nxd1 b5 33. Ba5 Ke6 34. Kf2 g6 35. Ke3 f5 36. Nf2 Bb7 37. Nd3 Kd6 38. Bb4+ Kc7 39. exf5 e4 40. fxg6 exf3 41. gxh7 fxg2 42. Kf2 1-0


[Site "https://www.chess.com"]

[Event "Titled Tuesday Blitz June 21 Early 2022"]
[White "Yurovskykh, Oleksandr"]
[Black "Bryakin, Mikhail"]
[WhiteFideId "14134020"]
[BlackFideId "4165314"]
[WhiteElo "2567"]
[BlackElo "2749"]
[Result "0-1"]
[Round "04"]
[TimeControl "180+1"]
[Date "2022.06.21"]
[WhiteClock "0:00:39"]
[BlackClock "0:01:48"]

1. d4 g6 2. c4 Bg7 3. e4 c5 4. d5 d6 5. Nc3 Nf6 6. Nf3 O-O 7. Be2 e6 8. dxe6 Bxe6 9. O-O Nc6 10. h3 a6 11. Bf4 Ne8 12. Qd2 Ne5 13. Nxe5 Bxe5 14. Be3 f5 15. exf5 Bxf5 16. Rad1 Qh4 17. Bg5 Bxc3 18. Bxh4 Bxd2 19. Rxd2 Rf7 20. Bf3 Be6 21. b3 Bxh3 22. Bd5 Bf5 23. Bxf7+ Kxf7 24. Bg3 Rd8 25. Rfd1 Ke6 26. Re1+ Kf7 27. Bh4 Rd7 28. f3 b5 29. cxb5 axb5 30. a4 bxa4 31. bxa4 Ra7 32. Rde2 g5 33. Bxg5 Kg6 34. Rxe8 Kxg5 35. Ra1 c4 36. Kf2 c3 37. Rg8+ Kf6 38. a5 c2 39. Ke3 Rxa5 40. Rxa5 c1=Q+ 0-1


[Site "https://www.chess.com"]

[Event "Titled Tuesday Blitz June 21 Early 2022"]
[White "Zaloznyy, Mike"]
[Black "Vidonyak, Roman"]
[WhiteFideId "2023075"]
[BlackFideId "14100622"]
[WhiteElo "2003"]
[BlackElo "2398"]
[Result "1-0"]
[Round "04"]
[TimeControl "180+1"]
[Date "2022.06.21"]
[WhiteClock "0:01:52"]
[BlackClock "0:02:01"]

1. Nf3 Nf6 2. e3 g6 3. b3 Bg7 4. Bb2 d5 5. d4 O-O 6. c4 c5 7. dxc5 Qa5+ 8. Nbd2 Qxc5 9. Rc1 Nc6 10. cxd5 Qxd5 11. Bc4 Qd6 12. O-O Bg4 13. Qc2 Rfd8 14. Rfd1 Qc7 15. h3 Bf5 16. e4 Nb4 17. Bxf7+ Kxf7 18. Qxc7 Rac8 19. Qxb7 Rxc1 20. Bxc1 Bxe4 21. Ng5+ Kg8 22. Ngxe4 1-0


[Site "https://www.chess.com"]

[Event "Titled Tuesday Blitz June 21 Early 2022"]
[White "Ziatdinov, Raset"]
[Black "Karttunen, Mika"]
[WhiteFideId "2015323"]
[BlackFideId "502081"]
[WhiteElo "2220"]
[BlackElo "2343"]
[Result "0-1"]
[Round "04"]
[TimeControl "180+1"]
[Date "2022.06.21"]
[WhiteClock "0:00:28"]
[BlackClock "0:00:31"]

1. d4 Nf6 2. Nc3 d5 3. Bf4 g6 4. e3 Bg7 5. h4 h5 6. Nf3 Bg4 7. Be2 c6 8. Ne5 Bxe2 9. Qxe2 Nbd7 10. Nd3 b5 11. a4 a6 12. b4 O-O 13. a5 Ne4 14. Nb1 c5 15. f3 cxd4 16. fxe4 dxe4 17. Nb2 d3 18. cxd3 exd3 19. Qd2 Rc8 20. Nxd3 Bxa1 21. O-O Bg7 22. Qe2 e5 23. Bg3 e4 24. Nf4 Ne5 25. Nd2 Rc2 26. Rd1 Ng4 27. Qe1 Bc3 28. Nxe4 Bxe1 29. Rxd8 Rxd8 30. Bxe1 Rd1 31. Kf1 Rcc1 32. Nd3 Rxd3 33. Ng5 Rxe3 34. Nf3 f6 35. g3 Kh8 36. Kg2 Rexe1 37. Kh3 Re2 38. Nh2 Rxh2# 0-1


[Site "https://www.chess.com"]